 Dungeon Crawl Stone Soup version 0.23-a0-389-g4a5eb33 (webtiles) character file.

4 iamserjio the Charmwright (level 1, 0/10 HPs)
             Began as a Deep Elf Wanderer on Oct 29, 2018.
             Slain by a bat (1 damage)
             ... on level 1 of the Dungeon.
             The game lasted 00:01:38 (89 turns).

iamserjio the Charmwright (Deep Elf Wanderer)         Turns: 89, Time: 00:01:39

Health: 0/10       AC:  2    Str:  7    XL:     1   Next: 58%
Magic:  2/7        EV: 11    Int: 18    God:
Gold:   0          SH:  0    Dex: 14    Spells: 7/8 levels left

rFire    . . .     SeeInvis .   e - +0 dagger
rCold    . . .     Gourm    .   (no shield)
rNeg     . . .     Faith    .   d - +0 robe
rPois    .         Spirit   .   (no helmet)
rElec    .         Reflect  .   (no cloak)
rCorr    .         Harm     .   (no gloves)
MR       .....                  (no boots)
Stlth    ++........             (no amulet)
HPRegen  0.03/turn              (no ring)
MPRegen  0.10/turn              (no ring)

@: no status effects
A: no striking features
a: no special abilities


You were on level 1 of the Dungeon.
You were not hungry.

You visited 1 branch of the dungeon, and saw 1 of its levels.

Inventory:

Hand Weapons
 e - a +0 dagger (weapon)
Armour
 d - a +0 robe (worn)
Potions
 c - 2 potions of curing {@q1}
Comestibles
 f - a ration


   Skills:
 + Level 0.6 Dodging
 - Level 1.2 Stealth
   Level 1.0 Shields
 - Level 4.4 Spellcasting
   Level 7.2 Charms
 * Level 1.1 Necromancy


You had 7 spell levels left.
You knew the following spells:

 Your Spells              Type           Power        Failure   Level  Hunger
a - Pain                  Necr           #...         9%          1    None

Your spell library contained the following spells:

 Spells                   Type           Power        Failure   Level  Hunger
 Infusion                 Chrm           ####         1%          1    None
 Song of Slaying          Chrm           ####....     1%          2    ##.....
 Shroud of Golubria       Chrm/Tloc      ###.......   4%          2    ##.....
 Regeneration             Chrm/Necr      ###.......   8%          3    ###....
 Spectral Weapon          Hex/Chrm       ###.....     10%         3    ###....
 Vampiric Draining        Necr           #.........   26%         3    ###....


Dungeon Overview and Level Annotations

Branches:
Dungeon (1/15)

Altars:


Message History

Aiming: Pain (safe; 11% risk of failure)
Aim: a dart slug (moderately wounded, clinging, chance to defeat MR: 68%)
The dart slug writhes in agony!
Casting: Pain (safe; 11% risk of failure)
Aiming: Pain (safe; 11% risk of failure)
Aim: a dart slug (almost dead, clinging, chance to defeat MR: 68%)
The dart slug writhes in agony!
You kill the dart slug!
Your Necromancy skill increases to level 1!
The bat barely misses you.
Casting: Pain (safe; 9% risk of failure)
Aiming: Pain (safe; 9% risk of failure)
Aim: a bat (chance to defeat MR: 73%)
The bat struggles to resist.
The bat closely misses you. x2
You barely miss the bat. The bat hits you.
* * * LOW HITPOINT WARNING * * *
The bat closely misses you. The bat closely misses you.
The bat closely misses you. The bat hits you.
You die...

# #.#.# .?.....
##########.#.####......
......)....#...........
############.####.....
#.####..... #....##.#.#
#.##.##.#†# #.##.##.#?#
#....@bg..# ###########


You could see a hobgoblin and a bat.

Vanquished Creatures
  A dart slug (D:1)
  A hobgoblin (D:1)
  A goblin (D:1)
3 creatures vanquished.

Notes
Turn   | Place    | Note
-------+----------+-------------------------------------------
     0 | D:1      | iamserjio the Deep Elf Wanderer began the quest for the
                  | Orb.
     0 | D:1      | iamserjio set off with the following items: a potion of
                  | curing {@q1}, a +0 robe, a +0 dagger, a ration; and the
                  | following spells available to memorise: Infusion, Song of
                  | Slaying, Shroud of Golubria, Regeneration, Spectral Weapon,
                  | Pain, Vampiric Draining
     0 | D:1      | Reached XP level 1. HP: 10/10 MP: 7/7
     2 | D:1      | Learned a level 1 spell: Pain
    83 | D:1      | Reached skill level 1 in Necromancy
    89 | D:1      | Slain by a bat

Vault maps used:
D:1:      dpeg_arrival_chase

Skill      XL: |  1 |
---------------+----+-----
Necromancy     | 1 |  1.1
Dodging        | |  0.6
Stealth        | |  1.2
Shields        | |  1.0
Spellcasting   | |  4.4
Charms         | |  7.2

Action                   || total
-------------------------++-------
Melee: Dagger            ||     3
 Cast: Pain              ||    10
 Stab: Sleeping          ||     1
Armor: Robe              ||     1
Dodge: Dodged            ||     7

Table legend:
 A = Non-vault XP
 B = Vault XP
 C = Vault XP percentage of total XP
 D = Non-vault monster count
 E = Vault monster count
 F = Vault count percentage of total count
                 A         B        C        D         E       F
            +---------+---------+-------+---------+---------+-------
      Total |       7 |       0 |   0.0 |       3 |       0 |   0.0
            +---------+---------+-------+---------+---------+-------
        D:1 |       7 |       0 |   0.0 |       3 |       0 |   0.0
            +---------+---------+-------+---------+---------+-------
